 Dungeon Crawl Stone Soup version 0.26.1-11-gd32895ea62 (webtiles) character file.

Game seed: 4127126436350719108

599 Kukuleta the Changer (level 7, -3/43 HPs)
             Began as an Octopode Transmuter on June 29, 2021.
             Killed by miscasting Ice Form (12 damage)
             ... on level 5 of the Dungeon.
             The game lasted 00:17:28 (6132 turns).

Kukuleta the Changer (Octopode Transmuter)          Turns: 6132, Time: 00:17:28

Health: -3/43      AC:  1    Str: 11    XL:     7   Next: 41%
Magic:  7/12       EV: 14    Int: 16    God:
Gold:   323        SH:  0    Dex: 12    Spells: 6/13 levels left

rFire    . . .     SeeInvis .     - Unarmed
rCold    . . .     Faith    .   (no shield)
rNeg     . . .     Spirit   .   (helmet currently unavailable)
rPois    .         Reflect  .   (no amulet)
rElec    .         Harm     .   (no ring)
rCorr    .         Rampage  .   (no ring)
Will     .....                  (no ring)
Stlth    ++........             (no ring)
HPRegen  0.14/turn              (no ring)
MPRegen  0.13/turn              (no ring)
                                (no ring)
                                (no ring)

@: appendages, very slightly contaminated
A: almost no armour, stealthy swim, amphibious, 8 rings, constrict 8, tentacle
spike 3, camouflage 1, gelatinous body 1
a: End Transformation


You were on level 5 of the Dungeon.
One of your tentacles had a temporary spike.
You visited 1 branch of the dungeon, and saw 5 of its levels.

You collected 323 gold pieces.

Inventory:

Jewellery
 e - an uncursed ring of see invisible {unknown}
 m - an uncursed amulet of the acrobat {unknown}
Wands
 l - a wand of flame (12)
 n - a wand of polymorph (6)
 u - a wand of disintegration (16)
Scrolls
 a - 8 scrolls of identify {unknown}
 b - 4 scrolls of remove curse {unknown}
 c - 5 scrolls of magic mapping {unknown}
 f - 3 scrolls of teleportation {unknown}
 g - 2 scrolls of noise {unknown}
 k - 2 scrolls of amnesia {unknown}
 p - a scroll of fear {unknown}
 s - a scroll of vulnerability {unknown}
 t - a scroll of summoning {unknown}
Potions
 d - a potion of haste {unknown}
 h - 4 potions of flight {unknown}
 i - a potion of degeneration {unknown}
 j - a potion of heal wounds {unknown}
 o - a potion of might {unknown}
 q - a potion of curing {unknown}
 r - a potion of brilliance {unknown}


   Skills:
 - Level 1.0 Fighting
 + Level 3.0 Dodging
 + Level 4.5 Unarmed Combat
 + Level 3.6 Spellcasting
 * Level 5.2 Transmutations
 + Level 2.1 Ice Magic


You had 6 spell levels left.
You knew the following spells:

 Your Spells              Type           Power        Failure   Level
a - Beastly Appendage     Tmut           38%          1%          1
b - Wereblood             Tmut           19%          3%          2
c - Ice Form              Ice/Tmut       14%          36%         4

Your spell library contained the following spells:

 Spells                   Type           Power        Failure   Level
 Sting                    Tmut/Pois      44%          6%          1
 Passwall                 Tmut/Erth      9%           9%          2
 Sandblast                Erth           4%           19%         1
 Spider Form              Tmut/Pois      5%           19%         3
 Poisonous Vapours        Pois/Air       4%           26%         2
 Ignite Poison            Fire/Tmut/Pois 8%           26%         3
 Mephitic Cloud           Conj/Pois/Air  2%           47%         3
 Stone Arrow              Conj/Erth      4%           47%         3
 Blade Hands              Tmut           9%           50%         5
 Petrify                  Tmut/Erth      11%          52%         4
 Olgreb's Toxic Radiance  Pois           2%           87%         4
 Lee's Rapid Deconstruct  Erth           1%           99%         5


Dungeon Overview and Level Annotations

Branches:
Dungeon (5/15)
 Temple: D:4-7

Altars:
Ashenzari
Xom
The Shining One

Shops:
D:4 *


Innate Abilities, Weirdness & Mutations

You cannot wear most types of armour.
You are very stealthy in the water. (Stealth+)
You are amphibious.
You can wear up to eight rings at the same time.
You can use your tentacles to constrict eight enemies at once.
Your skin changes colour to match your surroundings (Stealth+).
Your rubbery body absorbs attacks. (AC +1, EV +1)
One of your tentacles bears a large vicious spike.


Message History

The ufetubus barely misses you. The ufetubus closely misses you.
Casting: Beastly Appendage (safe; 1% risk of failure)
Confirm with . or Enter, or press ? or * to list all spells.
One of your tentacles grows a vicious spike.
The ufetubus hits you. The ufetubus closely misses you.
The ufetubus barely misses you. The ufetubus hits you.
You barely miss the ufetubus. You grab the ufetubus.
You pierce the ufetubus, but do no damage.
Your tentacle-slap misses the ufetubus.
The ufetubus is heavily wounded.
You constrict the ufetubus. The ufetubus hits you.
* * * LOW HITPOINT WARNING * * *
The ufetubus hits you but does no damage.
Casting: Beastly Appendage (safe; 1% risk of failure)
Confirm with . or Enter, or press ? or * to list all spells.
The spell is extremely dangerous to cast (36% risk of failure)!
Continue anyway?
You miscast Ice Form.
You are very lightly contaminated with residual magic.
A chill runs through your body!
You die...

J...).#
##.##..#####
#.#####
#.##......#
#.######
#.###..##.#
.......#
##.##.#
#.####.#
#.##.# #>#
#.##.# #.#
...####.##.#
#.#
#.....(..#
#.#
#.###@#..#
..# #5#..#
..# .s#.|#
... ......#
##.$...#
......#
#####.# .#
(#


You could see a scorpion and an ufetubus.

Vanquished Creatures
  2 ogres (D:5)
  A centaur (D:5)
  An orc priest (D:3)
  A hound (D:5)
  2 orc wizards (D:4)
  A hound zombie (D:5)
  2 gnolls (D:2)
  6 adders
  A white imp (D:5)
  2 oozes
  An adder zombie (D:5)
  4 worms
  2 leopard geckos
  12 orcs
  8 giant cockroaches
  11 hobgoblins
  10 jackals
  3 quokkas
  2 ball pythons
  10 bats
  7 frilled lizards
  10 goblins
  8 kobolds
  A leopard gecko skeleton (D:4)
  8 rats
116 creatures vanquished.

Vanquished Creatures (others)
  2 fungi (D:5)
  10 plants (D:2)
12 creatures vanquished.

Grand Total: 128 creatures vanquished

Notes
Turn   | Place    | Note
-------+----------+-------------------------------------------
     0 | D:1      | Kukuleta the Octopode Transmuter began the quest for the
                  | Orb.
     0 | D:1      | Reached XP level 1. HP: 13/13 MP: 3/3
   146 | D:1      | Reached XP level 2. HP: 17/18 MP: 3/5
   244 | D:1      | Learned a level 2 spell: Wereblood
   530 | D:1      | Reached XP level 3. HP: 23/23 MP: 4/6
  1027 | D:2      | Reached skill level 3 in Transmutations
  1614 | D:2      | Reached XP level 4. HP: 19/28 MP: 5/7
  1897 | D:2      | Found a shimmering altar of Xom.
  2693 | D:2      | Reached XP level 5. HP: 33/33 MP: 9/9
  2907 | D:3      | Learned a level 4 spell: Ice Form
  3186 | D:3      | Reached skill level 4 in Transmutations
  3986 | D:3      | Found a glowing golden altar of the Shining One.
  3987 | D:3      | Found a broken altar of Ashenzari.
  4369 | D:3      | Reached skill level 1 in Ice Magic
  4369 | D:3      | Reached XP level 6. HP: 22/38 MP: 8/10
  4651 | D:4      | Found Lusm's General Store.
  5471 | D:5      | Entered Level 5 of the Dungeon
  5643 | D:5      | Reached skill level 5 in Transmutations
  5643 | D:5      | Reached XP level 7. HP: 14/43 MP: 12/12
  6132 | D:5      | Killed by miscasting Ice Form

Illustrated notes

Levels and vault maps discovered:
D:1:      lightli_arrival_quake, layout_rooms, skrybe_limestone_x,
          minmay_tetromino_o2
D:2:      wad_lake_hut, layout_rooms, tgw_xom
D:3:      layout_loops_corners, minitemple
D:4:      layout_cave_pools, serial_shops, shop
D:5:      layout_loops_ring, kennysheep_doodads, elyvilon_altar_5, uniq_grinder,
          uniq_crazy_yiuf_cottage, uniq_menkaure

Skill      XL: |  1  2  3  4  5  6  7 |
---------------+----------------------+-----
Transmutations | 3 4 5 |  5.2
Unarmed Combat | 4 |  4.5
Spellcasting   | 3 |  3.6
Ice Magic      | 1 2 |  2.1
Dodging        | 3 |  3.0
Fighting       | |  1.0

Action                   |  1- 3 |  4- 6 |  7- 9 || total
-------------------------+-------+-------+-------++-------
Melee: Unarmed           |    79 |   173 |    17 ||   269
       Constrict         |    23 |    52 |     2 ||    77
       Kick              |    13 |    28 |     4 ||    45
       Punch             |     3 |     2 |       ||     5
       Tentacles         |    12 |    33 |     2 ||    47
 Cast: Beastly Appendage |    12 |    27 |     3 ||    42
 Stab: Sleeping          |     1 |     3 |       ||     4
Armor: Skin              |     9 |    12 |     1 ||    22
Dodge: Dodged            |    49 |   110 |    20 ||   179
